 Dungeon Crawl Stone Soup version 0.30.0-15-g856e2d3f33 (webtiles) character file.

Game seed: 8289601349243315058

23 Strat the Firebug (level 2, 0/15 HPs)
             Began as a Gargoyle Fire Elementalist on May 18, 2023.
             Slain by a quokka (3 damage)
             ... on level 1 of the Dungeon.
             The game lasted 00:01:57 (672 turns).

Strat the Firebug (Gargoyle Fire Elementalist)       Turns: 672, Time: 00:01:58

Health: 0/15       AC:  4    Str: 11    XL:     2   Next: 95%
Magic:  1/5        EV: 11    Int: 15    God:
Gold:   44         SH:  0    Dex: 10    Spells: 2/5 levels left

rFire   . . .        a - +1 dagger (holy)
rCold   . . .        (no shield)
rNeg    + . .        c - +0 robe
rPois   ∞            (no helmet)
rElec   +            (no cloak)
rCorr   .            (no gloves)
SInv    .            (no boots)
Will    .....        (no amulet)
Stlth   ++           (no ring)
HPRegen 0.22/turn    (no ring)
MPRegen 0.09/turn

%: no passive effects
@: very slightly contaminated
A: sickness immunity, AC +2, negative energy resistance 1, electricity
resistance, torment resistance 1, petrification resistance
a: no special abilities


You were on level 1 of the Dungeon.
You visited 1 branch of the dungeon, and saw 1 of its levels.

You collected 44 gold pieces.

Inventory:

Hand Weapons
 a - a +1 dagger of holy wrath (weapon)
Armour
 c - a +0 robe (worn)
Scrolls
 d - a scroll of identify {unknown}
 e - a scroll of immolation {unknown}
Potions
 b - a potion of magic


   Skills:
 - Level 1.5 Dodging
 - Level 2.1 Stealth
 - Level 2.0 Spellcasting
 + Level 2.2 Conjurations
 + Level 3.5 Fire Magic


You had 2 spell levels left.
You knew the following spells:

 Your Spells              Type           Power      Damage    Failure   Level
a - Foxfire               Conj/Fire      40%        2x1d6     7%          1
b - Scorch                Fire           24%        2d6       8%          2

Your spell library contained the following spells:

 Spells                   Type           Power      Damage    Failure   Level
 Magic Dart               Conj           32%        1d4       9%          1
 Searing Ray              Conj           16%        2d5       13%         2
 Inner Flame              Hex/Fire       6%         N/A       32%         3
 Volatile Blastmotes      Fire/Tloc      12%        2d11      32%         3
 Flame Wave               Conj/Fire      10%        2d6       54%         4
 Fulminant Prism          Conj/Hex       2%         3d5       80%         4


Dungeon Overview and Level Annotations

Branches:
Dungeon (1/15)

Altars:


Innate Abilities, Weirdness & Mutations

You are immune to sickness and miasma.
Your stone body is resilient. (AC +2)
You are immune to poison.
You resist negative energy. (rN+)
You are resistant to electric shocks. (rElec)
You are resistant to unholy torment.
You are immune to petrification.


Message History

You hit the jackal but do no damage.
The jackal bites you but does no damage.
The hobgoblin shouts!
You hit the jackal.
The jackal is almost dead.
You hear a bark!
The jackal bites you.
* * * LOW HITPOINT WARNING * * *
The jackal bites you but does no damage.
You hit the jackal.
You kill the jackal!
A jackal comes into view.
You closely miss the jackal. The jackal closely misses you.
The jackal bites you but does no damage.
You closely miss the jackal. Your punch misses the jackal.
The jackal bites you.
* * * LOW HITPOINT WARNING * * *
You hit the jackal.
The jackal is almost dead.
The jackal closely misses you.
You closely miss the jackal.
The jackal is almost dead.
The jackal bites you.
* * * LOW HITPOINT WARNING * * *
The jackal barely misses you.
You hit the jackal.
You kill the jackal!
You barely miss the quokka.
The quokka is heavily wounded.
The quokka bites you.
* * * LOW HITPOINT WARNING * * *
Casting: Scorch (safe; 8% risk of failure)
Confirm with . or Enter, or press ? or * to list all spells.
You miscast Scorch.
You are very lightly contaminated with residual magic.
Nothing appears to happen.
The quokka barely misses you. The quokka closely misses you.
Unknown command.
The quokka attacks as you move away! The quokka bites you.
You die...

....~~PPP~~~.P)..♣# #.#########
♣.^..~~~PPP~≈.....### #.##.......
♣♣.....≈~~~~~~....'.# #.##.######
♣♣♣.....<..≈≈≈~~~#.# #†##)# ####
#########'#########.###.##.###...
........................)÷...h...
######.......##########.###......
##.......###### #.# #......
#........'..@r## #.# #......
#........####..####.# #......
#...###### ##.g†hh.# #......
#...# #####..# ####### #...#
#.(######## #...# #.....h....
##### #r.######### ##..#
...r....h.†....


You could see a quokka, a jackal and a hobgoblin.

Vanquished Creatures
  A dart slug (D:1)
  3 bats (D:1)
  An endoplasm (D:1)
  A giant cockroach (D:1)
  2 goblins (D:1)
  5 hobgoblins (D:1)
  3 jackals (D:1)
  A kobold (D:1)
17 creatures vanquished.

Vanquished Creatures (others)
  11 foxfires (D:1)
11 creatures vanquished.

Grand Total: 28 creatures vanquished

Notes
Turn   | Place    | Note
-------+----------+-------------------------------------------
     0 | D:1      | Strat the Gargoyle Fire Elementalist began the quest for
                  | the Orb.
     0 | D:1      | Reached XP level 1. HP: 10/10 MP: 3/3
   249 | D:1      | Reached XP level 2. HP: 15/15 MP: 5/5
   268 | D:1      | Learned a level 2 spell: Scorch
   672 | D:1      | Slain by a quokka

Illustrated notes

Levels and vault maps discovered:
D:1:      tarquinn_simple_flora_water_c, layout_basic, minmay_tetromino_t2

Skill      XL: |  1  2 |
---------------+-------+-----
Conjurations   | 2 |  2.2
Dodging        | |  1.5
Stealth        | |  2.1
Spellcasting   | |  2.0
Fire Magic     | |  3.5

Action                     || total
---------------------------++-------
  Melee: Dagger            ||    48
   Cast: Foxfire           ||     6
         Scorch            ||    10
 Armour: Robe              ||    22
  Dodge: Dodged            ||    46
